Map: Crête de Lerilak

Players

Lokikette

  • Race: Protoss Protoss

Worming - Winner!

  • Race: Zerg Zerg
  • League: Platinum

VOD

Have the link to the VOD?

Description

Time

  • Played on: Nov. 11, 2015, 1:27 p.m.
  • Length: 3:53
Show
View Real Time Build Order
Export as new Build Order

Lokikette Protoss 

Build Orders: 1 Gate Expand 

Get SALT Encoding   

  12  0:01  Probe (Chrono Boost)  
  13  0:12  Probe (Chrono Boost)  
  14  0:22  Pylon  
  14  0:25  Probe (Chrono Boost)  
  15  0:40  Probe (Chrono Boost)  
  16  0:47  Gateway  
  16  0:50  Probe (Chrono Boost)  
  17  1:01  Probe (Chrono Boost)  
  18  1:12  Probe (Chrono Boost)  
  18  1:13  Assimilator  
  19  1:22  Probe (Chrono Boost)  
  20  1:30  Pylon  
  20  1:34  Nexus  
  20  1:45  Probe (Chrono Boost)  
  21  1:56  Probe (Chrono Boost)  
  21  1:57  Gateway  
  22  2:08  Cybernetics Core, Probe (Chrono Boost)  
  23  2:19  Probe (Chrono Boost)  
  24  2:28  Zealot  
  26  2:36  Pylon  
  26  2:47  Pylon  
  26  2:50  Probe (Chrono Boost)  
  27  2:52  Mothership Core (Chrono Boost)  
  29  3:02  Pylon  
  28  3:34  Gateway  
  28  3:37  Gateway  
  28  3:39  Gateway  
  28  3:42  Probe x2 (Chrono Boost)  
Show
View Real Time Build Order
Export as new Build Order

Worming Zerg - Winner!

Build Orders: Hatch First 

Get SALT Encoding   

  12  0:01  Drone  
  13  0:12  Overlord  
  13  0:19  Drone  
  14  0:32  Drone  
  14  0:33  Drone  
  16  0:35  Drone  
  17  0:53  Hatchery  
  17  0:55  Drone  
  17  1:10  Spawning Pool  
  16  1:12  Drone  
  16  1:16  Drone  
  18  1:21  Drone  
  19  1:30  Extractor  
  18  1:39  Drone  
  19  1:40  Overlord  
  19  1:59  Queen  
  19  2:00  Zergling x4  
  23  2:15  Queen  
  23  2:17  Drone x3  
  28  2:23  Drone  
  29  2:33  Metabolic Boost  
  29  2:34  Queen  
  31  2:42  Drone x2  
  31  2:43  Overlord  
  33  3:03  Drone x4  
  37  3:19  Drone x5  
  42  3:28  Overlord x2  
  42  3:32  Hatchery  
  41  3:36  Drone x3  
Tags
 
Add a new tag
Caveats
  • Supply blocks, unpowered buildings, or Contaminate may cause inaccurate times.
  • Supply counts are checked every 10 seconds.